 Dungeon Crawl Stone Soup version 0.30.0-11-gf55b779eaf (webtiles) character file.

Game seed: 9626886224029091621

45 GigaChad the Chopper (level 3, -3/30 HPs)
             Began as a Formicid Monk on May 17, 2023.
             Slain by Grinder (9 damage)
             ... on level 3 of the Dungeon.
             The game lasted 00:01:28 (1401 turns).

GigaChad the Chopper (Formicid Monk)                Turns: 1401, Time: 00:01:28

Health: -3/30      AC:  2    Str: 17    XL:     3   Next: 90%
Magic:  3/3        EV: 13    Int:  9    God:
Gold:   85         SH:  0    Dex: 16    Spells: 2/2 levels left

rFire   . . .        a - +0 hand axe
rCold   . . .        d - orb {light}
rNeg    . . .        b - +0 robe
rPois   .            (helmet unavailable)
rElec   .            (no cloak)
rCorr   .            (no gloves)
SInv    +            (no boots)
Will    .....        (no amulet)
Stlth   +            (no ring)
HPRegen 0.25/turn    (no ring)
MPRegen 0.08/turn

%: no passive effects
@: glowing
A: permanent stasis, dig shafts and tunnels, antennae 3, four strong arms
a: Dig, Shaft Self


You were on level 3 of the Dungeon.
You visited 1 branch of the dungeon, and saw 3 of its levels.

You collected 85 gold pieces.

Inventory:

Hand Weapons
 a - a +0 hand axe (weapon)
Armour
 b - a +0 robe (worn)
 d - an orb of light (worn)
Scrolls
 e - a scroll of vulnerability {unknown}
 f - 2 scrolls of immolation {unknown}
 h - a scroll of brand weapon {unknown}
 i - a scroll of amnesia {unknown}
 j - a scroll of poison {unknown}
 k - a scroll of fog {unknown}
 m - a scroll of silence {unknown}
 o - a scroll of enchant weapon {unknown}
Potions
 c - a potion of ambrosia
 g - a potion of degeneration {unknown}
 l - a potion of curing {unknown}
 n - a potion of cancellation {unknown}


   Skills:
 * Level 3.7 Fighting
 * Level 4.0 Axes
 * Level 0.6 Armour
 - Level 2.6 Dodging
 * Level 1.0 Stealth


You had 2 spell levels left.
You didn't know any spells.
Your spell library contained the following spells:

 Spells                   Type           Power      Damage    Failure   Level
 Beastly Appendage        Tmut           0%         N/A       38%         1
 Wereblood                Tmut           0%         N/A       52%         2
 Spider Form              Tmut/Pois      0%         N/A       77%         3


Dungeon Overview and Level Annotations

Branches:
Dungeon (3/15)

Altars:
Gozag

Annotations:
D:3 Grinder


Innate Abilities, Weirdness & Mutations

You cannot be hasted, slowed, berserked, paralysed or teleported.
You can dig through walls and to a lower floor.
You have a pair of large antennae on your head. (SInv)
Your four strong arms can wield two-handed weapons with a shield.


Message History

No target in view!
Found a stone staircase leading up.
Grinder comes into view.
Grinder gestures at you. Pain shoots through your body!
Grinder is nearby!
Grinder is nearby!
You hit Grinder but do no damage. Grinder barely misses you.
You hit Grinder.
Grinder is lightly wounded.
Grinder gestures at you.
Your stasis prevents you from being paralysed.
You hit Grinder but do no damage.
Grinder is lightly wounded.
Grinder hits you.
You writhe in agony.
You barely miss Grinder.
Grinder is lightly wounded.
Grinder barely misses you.
You hit Grinder.
Grinder is lightly wounded.
Grinder gestures at you.
Your stasis prevents you from being paralysed.
You hit Grinder.
Grinder is moderately wounded.
Grinder closely misses you.
Unknown command.
You hit Grinder.
Grinder is moderately wounded.
Grinder says, "There's only one good use for a tongue: cutting it out."
Grinder hits you.
You writhe in agony.
Unknown command.
Unknown command.
You hit Grinder but do no damage.
Grinder is moderately wounded.
Grinder hits you!
* * * LOW HITPOINT WARNING * * *
You writhe in agony.
* * * LOW HITPOINT WARNING * * *
Grinder hits you!
You die...

#...# #.>.# #...#
##########.######
...##...#...#...#
.####.>...⌠...>.#
...##...#...#...#
.########...########.#
........#...#...@5...#
......8.......8......#
........#...#...........
#########...#######.####
#...#...#...# .#
#.<...⌠...<.# #
#...#...#...#
######.###### #...#


You could see Grinder.

Vanquished Creatures
  2 dart slugs (D:2)
  4 ball pythons
  9 endoplasms
  2 goblins
  5 hobgoblins
  3 kobolds (D:1)
  2 quokkas
  6 bats
  A frilled lizard (D:2)
  2 rats (D:2)
36 creatures vanquished.

Notes
Turn   | Place    | Note
-------+----------+-------------------------------------------
     0 | D:1      | GigaChad the Formicid Monk began the quest for the Orb.
     0 | D:1      | Reached XP level 1. HP: 18/18 MP: 1/1
   115 | D:1      | Reached XP level 2. HP: 24/24 MP: 2/2
   568 | D:1      | Found a faded altar of an unknown god.
   677 | D:2      | Reached XP level 3. HP: 20/29 MP: 3/3
   866 | D:2      | Found an opulent altar of Gozag.
  1096 | D:2      | Reached skill level 1 in Stealth
  1338 | D:3      | Reached skill level 4 in Axes
  1390 | D:3      | Noticed Grinder
  1401 | D:3      | Slain by Grinder

Illustrated notes

Levels and vault maps discovered:
D:1:      minmay_arrival_cross, layout_loops_ring,
          dreamdust_ecumenical_altar_statues
D:2:      layout_basic, basic_altar, grunt_ministairs_4,
          dreamdust_mushroom_princess
D:3:      layout_loops_corners, lemuel_tele_altar, gup_sewer_entry_bowl,
          nicolae_elevator_lobby_plus, uniq_grinder

Skill      XL: |  1  2  3 |
---------------+----------+-----
Stealth        | 1 |  1.0
Axes           | 4 |  4.0
Fighting       | |  3.7
Armour         | |  0.6
Dodging        | |  2.6

Action                     || total
---------------------------++-------
  Melee: Hand axe          ||   100
 Armour: Robe              ||    19
  Dodge: Dodged            ||    75
